 Dungeon Crawl Stone Soup version 0.24.1-14-gf8d2b509d9 (webtiles) character file.

Game seed: 9169522611814278893, levelgen mode: deterministic

6274 Froggeryz the Slicer (level 10, -7/69 HPs)
             Began as an Octopode Berserker on Apr 25, 2022.
             Was a High Priest of Trog.
             Mangled by a polar bear (17 damage)
             ... on level 10 of the Dungeon.
             The game lasted 00:13:50 (12842 turns).

Froggeryz the Slicer (Octopode Berserker)          Turns: 12842, Time: 00:13:50

Health: -7/69      AC:  3    Str: 17    XL:     10   Next: 94%
Magic:  1/10       EV: 19    Int: 10    God:    Trog [*****.]
Gold:   574        SH:  0    Dex: 18    Spells: 9/9 levels left

rFire    . . .     SeeInvis .   v - +4 dagger
rCold    . . .     Gourm    .   (no shield)
rNeg     + . .     Faith    .   (helmet restricted)
rPois    +         Spirit   .   (no amulet)
rElec    .         Reflect  .   e - ring of positive energy
rCorr    .         Harm     .   r - ring of stealth
MR       .....                  w - ring of stealth
Stlth    +++++++...             H - +2 ring of dexterity
HPRegen  0.21/turn              o - ring "Udwor" {rPois AC+2 Dex+2}
MPRegen  0.12/turn              (no ring)
                                (no ring)
                                (no ring)

@: no status effects
A: almost no armour, stealthy swim, amphibious, 8 rings, constrict 8, camouflage
1, gelatinous body 1
a: Berserk, Trog's Hand, Brothers in Arms, Renounce Religion


You were on level 10 of the Dungeon.
You worshipped Trog.
Trog was extremely pleased with you.
You were hungry.

You visited 2 branches of the dungeon, and saw 11 of its levels.
You also visited: Ossuary.

You collected 574 gold pieces.

Inventory:

Hand Weapons
 a - a +0 short sword
 m - the +5 mace "Adatomaa" {venom, MP-9 Str+6 Int+2}
   (You found it on level 4 of the Dungeon)

   It poisons the flesh of those it strikes.
   It affects your strength (+6).
   It affects your intelligence (+2).
   It affects your magic capacity (-9).
 v - a +4 dagger (weapon)
Missiles
 j - 43 poisoned darts
 k - 10 boomerangs (quivered)
 l - 6 throwing nets
 K - 10 javelins
Jewellery
 e - a ring of positive energy (left tentacle)
 o - the ring "Udwor" (on tentacle) {rPois AC+2 Dex+2}
   (You acquired it on level 10 of the Dungeon)

   [ring of protection]

   It affects your AC (+2).
   It affects your dexterity (+2).
   It protects you from poison.
 r - a ring of stealth (right tentacle)
 w - a ring of stealth (on tentacle)
 H - a +2 ring of dexterity (on tentacle)
Wands
 q - a wand of iceblast (29)
 x - a wand of disintegration (7)
 C - a wand of acid (8)
 I - a wand of clouds (3)
 J - a wand of random effects (19)
Scrolls
 c - 4 scrolls of fog
 d - 3 scrolls of teleportation
 f - 2 scrolls of enchant armour
 h - a scroll of identify
 n - 8 scrolls of remove curse
 u - 2 scrolls of enchant weapon
 y - a scroll of immolation
 z - a scroll of vulnerability {unknown}
 E - 2 scrolls of blinking
 G - a scroll of magic mapping
Potions
 g - 5 potions of flight
 i - 2 potions of lignification
 p - 4 potions of haste
 s - a potion of invisibility
 t - a potion of berserk rage
 A - 3 potions of heal wounds
 D - a potion of mutation
 F - 2 potions of curing
Comestibles
 b - 15 rations


   Skills:
 + Level 6.7 Fighting
 - Level 9.0 Short Blades
 + Level 8.3 Throwing
 + Level 7.9 Dodging
 - Level 8.2 Stealth


You had 9 spell levels left.
You didn't know any spells.
Your spell library was empty.

Dungeon Overview and Level Annotations

Branches:
Dungeon (10/15)            Temple (1/1) D:6         Ossuary (visited)
   Lair: D:8-11         Orc: D:9-12

Altars:
Cheibriados
Dithmenos
Fedhas
Gozag
Hepliaklqana
Makhleb
Okawaru
Qazlal
Trog
Vehumet
Yredelemnul
The Shining One


Innate Abilities, Weirdness & Mutations

You cannot wear most types of armour.
You are very stealthy in the water. (Stealth+)
You are amphibious.
You can wear up to eight rings at the same time.
You can use your tentacles to constrict eight enemies at once.
Your skin changes colour to match your surroundings (Stealth+).
Your rubbery body absorbs attacks. (AC +1, EV +1)


Message History

The polar bear completely misses you.
The polar bear claws you but does no damage.
The polar bear completely misses you.
You hit the polar bear but do no damage.
The polar bear is almost dead.
The polar bear completely misses you. The polar bear claws you.
The polar bear misses you.
You completely miss the polar bear.
The polar bear is almost dead.
You hit the polar bear but do no damage.
Your squeeze misses the polar bear.
The polar bear is almost dead.
The polar bear bites you!
* * * LOW HITPOINT WARNING * * *
The polar bear barely misses you. The polar bear claws you.
* * * LOW HITPOINT WARNING * * *
You hit the polar bear but do no damage.
The polar bear is almost dead.
The polar bear bites you!
You die...

#........##............
#........##............
#...##...##............
##...##...##............
#....##'######...##.....
#....#.......#...##.....
#....#.รท.##..'...#......
#....#...##..#...#......
#....#.@.##..#...#......
#....#h......#...#...)..
#....#.......#...#......
#....#.......#...#......
#.......###########
#..................
....................
##...##...##.....#...
#... #..........#..#


You could see a polar bear (berserk).

Vanquished Creatures
  Harold (D:7)
  Psyche (D:8)
  Grinder (D:3)
  Prince Ribbit (D:6)
  2 hippogriffs
  3 yaks (D:10)
  Sigmund (D:2)
  5 ice beasts
  2 sky beasts
  3 phantoms
  An ogre (D:4)
  2 necrophages
  3 centaurs
  A crocodile (D:7)
  3 bullfrogs
  3 scorpions
  6 killer bees (D:7)
  3 howler monkeys
  3 crimson imps
  A centaur zombie (D:9)
  3 orc priests
  4 bullfrog skeletons
  7 jellies
  A gnoll shaman (D:4)
  A centaur skeleton (D:4)
  2 hounds
  4 iguanas
  7 orc wizards
  8 worker ants
  2 hound zombies
  3 hound skeletons
  13 mummies (Ossuary)
  Robin (D:2)
  8 gnolls
  8 adders
  3 shadow imps
  6 oozes
  2 adder skeletons (D:5)
  2 worms (D:3)
  4 dart slugs
  5 leopard geckos
  29 orcs
  7 bats
  6 giant cockroaches
  15 goblins
  13 hobgoblins
  6 jackals
  6 kobolds
  2 quokkas
  A ball python (D:5)
  3 frilled lizards
  3 gnoll skeletons (Ossuary)
  A goblin skeleton (Ossuary)
  A kobold skeleton (Ossuary)
  2 leopard gecko skeletons
  A leopard gecko zombie (D:7)
  3 orc skeletons (Ossuary)
  A quokka skeleton (D:8)
  8 rats
  11 rat skeletons (Ossuary)
259 creatures vanquished.

Vanquished Creatures (others)
  Maurice (D:8)
  An orc warrior (D:8)
  An orc priest (D:8)
  2 orcs (D:8)
5 creatures vanquished.

Grand Total: 264 creatures vanquished

Notes
Turn   | Place    | Note
-------+----------+-------------------------------------------
     0 | D:1      | Froggeryz the Octopode Berserker began the quest for the
                  | Orb.
     0 | D:1      | Reached XP level 1. HP: 16/16 MP: 1/1
   126 | D:1      | Reached XP level 2. HP: 21/21 MP: 2/2
   418 | D:1      | Reached skill level 4 in Short Blades
   430 | D:1      | Reached XP level 3. HP: 15/26 MP: 3/3
  1347 | D:2      | Reached XP level 4. HP: 31/31 MP: 4/4
  1513 | D:2      | Found a snail-covered altar of Cheibriados.
  1531 | D:2      | Reached ** piety under Trog
  1531 | D:2      | Reached skill level 5 in Short Blades
  1578 | D:2      | Noticed Sigmund
  1579 | D:2      | Noticed Robin
  2007 | D:2      | Killed Sigmund
  2007 | D:2      | Reached skill level 6 in Short Blades
  2007 | D:2      | Reached XP level 5. HP: 36/36 MP: 5/5
  2007 | D:2      | Reached XP level 6. HP: 42/42 MP: 6/6
  2019 | D:2      | Killed Robin
  2459 | D:2      | Found a basalt altar of Yredelemnul.
  2531 | D:2      | Found a glowing golden altar of the Shining One.
  2919 | D:3      | Reached skill level 7 in Short Blades
  2942 | D:3      | Noticed Grinder
  2964 | D:3      | Killed Grinder
  2964 | D:3      | Reached XP level 7. HP: 46/46 MP: 7/7
  3450 | D:4      | Found an iron altar of Okawaru.
  3463 | D:4      | Got a shimmering mace
  3481 | D:4      | Reached *** piety under Trog
  3720 | D:4      | Reached skill level 8 in Short Blades
  3756 | D:4      | Found a radiant altar of Vehumet.
  4272 | D:5      | Entered Level 5 of the Dungeon
  4295 | D:4      | Reached XP level 8. HP: 38/52 MP: 8/8
  5570 | D:5      | Reached skill level 9 in Short Blades
  6793 | D:5      | Reached skill level 5 in Throwing
  6915 | D:5      | Reached skill level 1 in Stealth
  6915 | D:5      | Reached XP level 9. HP: 59/59 MP: 9/9
  7108 | D:6      | Reached **** piety under Trog
  7135 | D:6      | Received a gift from Trog
  7145 | D:6      | Found a shadowy altar of Dithmenos.
  7550 | D:6      | Found a staircase to the Ecumenical Temple.
  7761 | D:6      | Reached skill level 5 in Dodging
  8058 | D:6      | Found a stormy altar of Qazlal.
  8060 | D:6      | Noticed Prince Ribbit
  8076 | D:6      | Killed Prince Ribbit
  8076 | D:6      | Reached skill level 5 in Stealth
  8149 | D:6      | Found a hazy altar of Hepliaklqana.
  8291 | Temple   | Entered the Ecumenical Temple
  8318 | D:7      | Noticed Harold
  8324 | D:7      | Killed Harold
  8384 | D:7      | Found a burning altar of Makhleb.
  8387 | D:7      | Received a gift from Trog
  8572 | D:7      | Reached XP level 10. HP: 65/65 MP: 10/10
  8900 | D:7      | Found a bloodstained altar of Trog.
  9156 | D:7      | Reached skill level 5 in Fighting
  9640 | D:8      | Found a blossoming altar of Fedhas.
  9681 | D:8      | Noticed Psyche
  9682 | D:8      | Found a sand-covered staircase.
  9688 | D:8      | Killed Psyche
  9692 | Ossuary  | Entered an ossuary
 10280 | D:8      | Noticed Maurice
 10303 | D:8      | Killed Maurice
 11116 | D:9      | Found an opulent altar of Gozag.
 11254 | D:9      | Reached ***** piety under Trog
 12026 | D:10     | Entered Level 10 of the Dungeon
 12086 | D:10     | Found a bloodstained altar of Trog.
 12476 | D:10     | Received a gift from Trog
 12680 | D:10     | Identified a scroll of acquirement
 12683 | D:10     | Got a sparkling jade ring
 12684 | D:10     | Identified the ring "Udwor" {rPois AC+2 Dex+2} (You
                  | acquired it on level 10 of the Dungeon)
 12691 | D:10     | Identified the +5 mace "Adatomaa" {venom, MP-9 Str+6 Int+2}
                  | (You found it on level 4 of the Dungeon)
 12842 | D:10     | Mangled by a polar bear

Levels and vault maps discovered:
D:1:      mainiacjoe_arrival_reflecting_pool, layout_basic
D:2:      layout_rooms, tso_altar, nicolae_overflow_crystal_walls,
          nicolae_overflow_hidden_temple, old_standard_altar, uniq_sigmund,
          uniq_robin
D:3:      layout_rooms, supply_closet_lemuel, grunt_decor_arrowhead,
          minmay_misc_feat_x, minmay_misc_feat_tower, uniq_grinder
D:4:      layout_basic, okawaru_ov_weapons_minmay, lemuel_crystal_altar
D:5:      layout_gridville, first_ration
D:6:      layout_loops_ring, lemuel_doored_altar, kennysheep_mini,
          nicolae_dithmenos_shadow_blocks, minmay_temple_entry_large_hall,
          minivault_27, minmay_misc_feat_encased, uniq_prince_ribbit1
D:7:      layout_loops_ring, lightli_temple_of_fire, lemuel_crystal_altar,
          uniq_harold
D:8:      layout_loops_cross, lemuel_crystal_altar, nicolae_ossuary_entry_ruins,
          uniq_maurice, uniq_psyche
D:9:      layout_loops_cross, grunt_gozag_statues,
          hangedman_little_slice_of_home
D:10:     layout_stronghold, minmay_orc_entry_temple_small,
          gammafunk_ghost_berserking_beasts, trog_ov_bears_minmay
Temple:   jpeg_temple_island

Skill      XL: |  1  2  3  4  5  6  7  8  9 10 |
---------------+-------------------------------+-----
Short Blades   | 4 6 7 8 9 |  9.0
Throwing       | 2 3 5 6 8 |  8.3
Dodging        | 4 6 7 |  7.9
Fighting       | 4 6 |  6.7
Stealth        | 1 8 |  8.2

Action                   |  1- 3 |  4- 6 |  7- 9 | 10-12 || total
-------------------------+-------+-------+-------+-------++-------
Melee: Short sword       |    56 |    93 |   102 |       ||   251
       Constrict         |    19 |    30 |    40 |    46 ||   135
       Tentacles         |     7 |    24 |    67 |    72 ||   170
       Dagger            |       |       |   176 |   278 ||   454
       Mace              |       |       |       |     2 ||     2
Throw: Dart              |       |     4 |     2 |       ||     6
       Boomerang         |       |       |     4 |       ||     4
Invok: Trog's Hand       |       |     2 |       |     1 ||     3
       Berserk           |       |     2 |     3 |       ||     5
Evoke: Wand              |       |       |       |     3 ||     3
  Use: Scroll            |       |       |    11 |    17 ||    28
 Stab: Sleeping          |    10 |     1 |    23 |    39 ||    73
  Eat: Chunk             |     1 |     6 |    22 |     6 ||    35
       Ration            |       |       |       |     2 ||     2
Armor: Skin              |     3 |     6 |     3 |     2 ||    14
Dodge: Dodged            |    22 |    52 |   108 |   155 ||   337
